 Dungeon Crawl Stone Soup version 0.18.1-50-g88ac8fd (webtiles) character file.

52 Amnesiac the Cutter (level 3, -2/43 HPs)
             Began as a Merfolk Fighter on Mar 10, 2018.
             Slain by a hound (4 damage)
             ... on level 3 of the Dungeon.
             The game lasted 00:02:04 (772 turns).

Amnesiac the Cutter (Merfolk Fighter)                Turns: 772, Time: 00:02:05

Health: -2/43      AC: 21    Str: 22    XL:     3   Next: 85%
Magic:  3/3        EV:  2    Int:  7    God:
Gold:   17         SH:  9    Dex: 13    Spells: 0 memorised, 2 levels left

rFire  . . .     SeeInvis .     a - +0 rapier
rCold  . . .     Gourm    .     (armour currently unavailable)
rNeg   + + +     Faith    .     c - +0 shield
rPois  +         Spirit   .     (helmet currently unavailable)
rElec  .         Dismiss  .     (cloak currently unavailable)
rCorr  .         Reflect  .     (gloves currently unavailable)
SustAt .         Harm     .     (boots currently unavailable)
MR     .....     NoTele   +     (no amulet)
Stlth  +.........               (no ring)
                                m - ring of flight

@: mighty, tree-form, not resistant to hostile enchantments, very unstealthy
A: (change form in water), (swift swim)
a: no special abilities


You were on level 3 of the Dungeon.
You were not hungry.
You were a tree.
You visited 1 branch of the dungeon, and saw 3 of its levels.

You collected 17 gold pieces.

Inventory:

Hand Weapons
 a - a +0 rapier (weapon)
Armour
 b - a +0 scale mail (melded)
 c - a +0 shield (worn)
Jewellery
 m - a ring of flight (left branch)
Scrolls
 g - 3 scrolls of remove curse {!r}
Potions
 j - a potion of cancellation {!q}
 n - a potion of lignification {!q}
Comestibles
 f - a bread ration
 h - a meat ration
 o - 6 chunks of flesh


   Skills:
 - Level 3.2 Fighting
 + Level 4.8 Short Blades
 - Level 2.1 Armour
 - Level 3.0 Shields


You had 2 spell levels left.
You didn't know any spells.

Dungeon Overview and Level Annotations

Branches:
Dungeon (3/15)

Altars:

Annotations:
D:2 Robin


Message History

You see here an adder skeleton.
You feel sick.
You see here a goblin corpse.
You butcher the goblin corpse.
o - 6 chunks of flesh (gained 1)
You see here a goblin skeleton.
You start resting.
You feel sick. x3
You are no longer poisoned.
You start resting.
A goblin comes into view. It is wielding a club.
A goblin is nearby!
You start to feel less resistant.
Found a ring mail.
e - a scroll labeled VEWEAG IW HEN {!r}
There are no items here.
Read which item? (? for menu, Esc to quit)
Really read
e - a scroll labeled VEWEAG IW HEN {!r}?
As you read the scroll labeled VEWEAG IW HEN {!r}, it crumbles to dust.
You feel strangely unstable.
It was a scroll of teleportation {!r}.
You start resting.
Your resistance to elements expires.
You start resting.
Your surroundings suddenly seem different.
Found a stone staircase leading down.
Found 8 gold pieces.
The hound barks!
Found a scroll labeled UQANUN ROELIR.
The hound bites you but does no damage.
You barely miss the hound. The hound bites you.
* * * LOW HITPOINT WARNING * * *
Drink which item? (? for menu, Esc to quit)
Really quaff
l - a grey potion {!q}?
It was a potion of magic {!q}.
Magic courses through your body. The hound bites you.
* * * LOW HITPOINT WARNING * * *
The hound bites you but does no damage.
Drink which item? (? for menu, Esc to quit)
Really quaff
k - a murky ruby potion {!q}?
It was a potion of flight {!q}.
You feel very buoyant.
You fly up into the air.
The hound bites you but does no damage.
Drink which item? (? for menu, Esc to quit)
Really quaff
d - a potion of might {!q}?
You feel very mighty all of a sudden. You block the hound's attack.
The hound bites you.
* * * LOW HITPOINT WARNING * * *
Drink which item? (? for menu, Esc to quit)
Really quaff
n - 2 potions of lignification {!q}?
You turn into a tree.
Your roots penetrate the ground.
The hound bites you but does no damage.
You puncture the giant newt!
You kill the giant newt!
You block the hound's attack. The hound bites you but does no damage.
You miss the hound. You block the hound's attack.
You hit the hound but do no damage.
The hound bites you but does no damage. x2
You barely miss the hound. The hound barely misses you.
You closely miss the hound.
The hound bites you but does no damage. x2
You puncture the hound!
The hound is severely wounded.
The hound bites you but does no damage.
You barely miss the hound.
The hound is heavily wounded.
The hound bites you but does no damage. The hound bites you.
You die...

.......#.. .#.
..(.l..#....#.#
......#.#>.#...
...............
........##
....###..#
.#...###.#
#......#
#.....♣#
#.....h#
#......#
#......#
......$.#
##?......
#.....#. #.....
.


You could see a hound.

Vanquished Creatures
  2 adders (D:3)
  An ooze (D:1)
  A dart slug (D:3)
  2 giant geckos
  3 bats
  A giant cockroach (D:1)
  5 goblins
  4 hobgoblins (D:3)
  A giant newt (D:3)
  A kobold (D:1)
  4 rats
25 creatures vanquished.

Notes
Turn   | Place    | Note
--------------------------------------------------------------
     0 | D:1      | Amnesiac the Merfolk Fighter began the quest for the Orb.
     0 | D:1      | Reached XP level 1. HP: 18/18 MP: 1/1
    28 | D:1      | Reached skill level 3 in Short Blades
    30 | D:1      | Reached XP level 2. HP: 18/24 MP: 2/2
   527 | D:3      | Reached skill level 4 in Short Blades
   540 | D:3      | Reached XP level 3. HP: 16/29 MP: 3/3
   624 | D:2      | Noticed Robin
   762 | D:3      | HP: 1/29 [hound (3)]
   772 | D:3      | Slain by a hound

Skill      XL: |  1  2 |
---------------+-------+-----
Short Blades   | 3 4 |  4.8
Fighting       | |  3.2
Armour         | |  2.1
Shields        | |  3.0

Action                   || total
-------------------------++-------
Melee: Rapier            ||   105
  Use: Scroll            ||     4
       Potion            ||     7
Armor: Scale mail        ||    55
       Skin              ||     8
Dodge: Dodged            ||    24
Block: Shield            ||    44
